 Dungeon Crawl Stone Soup version 0.25-a0-435-g4b9beb1024 (webtiles) character file.

Game seed: 16237231853771094999, levelgen mode: deterministic

344 ChaosChampion the Insei (level 6, -9/39 HPs)
             Began as an Octopode Transmuter on Jan 29, 2020.
             Mangled by an orc
             ... wielding a +0 hand axe of electrocution
              (15 damage)
             ... on level 4 of the Dungeon.
             The game lasted 00:07:31 (2448 turns).

ChaosChampion the Insei (Octopode Transmuter)       Turns: 2448, Time: 00:07:32

Health: -9/39      AC:  2    Str:  9    XL:     6   Next: 58%
Magic:  1/10       EV: 21    Int: 17    God:
Gold:   136        SH:  0    Dex: 18    Spells: 5/11 levels left

rFire    x . .     SeeInvis .     - Unarmed
rCold    + . .     Gourm    .   (shield currently unavailable)
rNeg     . . .     Faith    .   (helmet currently unavailable)
rPois    x         Spirit   .   (no amulet)
rElec    .         Reflect  .   e - ring of flight
rCorr    .         Harm     .   f - ring of ice
MR       .....                  (no ring)
Stlth    ++++......             (no ring)
HPRegen  0.13/turn              (no ring)
MPRegen  0.12/turn              (no ring)
                                (no ring)
                                (no ring)

@: spider-form (expiring), very slow
A: tiny, almost no armour, stealthy swim, (amphibious), 8 rings, (constrict 8)
a: End Transformation, Evoke Flight


You were on level 4 of the Dungeon.
You were very hungry.
You were a venomous arachnid creature.
You visited 1 branch of the dungeon, and saw 4 of its levels.

You collected 136 gold pieces.

Inventory:

Missiles
 a - 57 arrows
 b - 13 poisoned darts (quivered)
Jewellery
 e - a ring of flight (left front leg)
 f - a ring of ice (right front leg)
Scrolls
 g - 3 scrolls of identify {unknown}
 l - a scroll of teleportation {unknown}
 n - a scroll of blinking {unknown}
 o - a scroll of amnesia {unknown}
Potions
 d - a potion of agility {unknown}
 h - a potion of haste {unknown}
 i - a potion of curing
 j - a potion of lignification {unknown}
 k - a potion of might {unknown}
Comestibles
 c - 7 rations


   Skills:
 + Level 2.2 Fighting
 + Level 2.8 Dodging
 * Level 3.9 Stealth
 * Level 4.0 Unarmed Combat
 * Level 3.1 Spellcasting
 * Level 3.5 Transmutations


You had 5 spell levels left.
You knew the following spells:

 Your Spells              Type           Power        Failure   Level  Hunger
a - Beastly Appendage     Tmut           ##....       13%         1    None
b - Sticks to Snakes      Tmut           ##......     17%         2    ##.....
c - Spider Form           Tmut/Pois      #.........   47%         3    ###....

Your spell library contained the following spells:

 Spells                   Type           Power        Failure   Level  Hunger
 Magic Dart               Conj           #...         36%         1    None
 Blink                    Tloc           N/A          47%         2    ##.....
 Call Imp                 Summ           #.......     47%         2    ##.....
 Slow                     Hex            #.......     47%         2    ##.....
 Conjure Flame            Conj/Fire      #.......     67%         3    ###....
 Mephitic Cloud           Conj/Pois/Air  #.......     67%         3    ###....
 Ice Form                 Ice/Tmut       ##......     82%         4    ####...
 Blade Hands              Tmut           ##........   88%         5    ######.


Dungeon Overview and Level Annotations

Branches:
Dungeon (4/15)
 Temple: D:4-7

Altars:
Cheibriados
Makhleb
Xom


Innate Abilities, Weirdness & Mutations

You cannot wear most types of armour.
You are very stealthy in the water. (Stealth+)
((You are amphibious.))
You can wear up to eight rings at the same time.
((You can use your tentacles to constrict eight enemies at once.))
((Your skin changes colour to match your surroundings (Stealth+).))
((Your rubbery body absorbs attacks. (AC +1, EV +1)))


Message History

You bite the orc wizard!
The orc wizard looks as sick as possible!
The orc wizard is almost dead.
The orc wizard gestures at you while chanting.
The magic dart hits you.
* * * LOW HITPOINT WARNING * * *
The orc wizard mumbles some strange words.
The orc wizard blinks!
Your unstable footing causes you to fumble your attack.
You feel a bit more experienced.
You hit the orc but do no damage.
The orc is poisoned.
You hit the orc but do no damage.
The orc looks as sick as possible!
The orc is heavily wounded.
Your transformation is almost over.
The orc closely misses you.
Your unstable footing causes you to fumble your attack.
The orc hits you with a +0 hand axe of electrocution.
* * * LOW HITPOINT WARNING * * *
You are electrocuted!
You die...

###### ##.≈≈≈##
##.≈≈≈≈≈## ##
#..≈≈.≈≈_#####..
#..≈≈≈≈s##......
#.#.≈≈≈#o.......
######Z.....##
#......##
.#####.!....#
............#
####........##
##........#
##.......#


You could see an orc and a leopard gecko skeleton.

Vanquished Creatures
  An orc priest (D:4)
  An orc wizard (D:4)
  Natasha (thrice) (D:2)
  A worker ant (D:2)
  4 adders
  7 gnolls (D:3)
  An ooze (D:3)
  A worm (D:2)
  2 dart slugs
  A leopard gecko (D:3)
  5 orcs
  8 bats
  7 giant cockroaches
  5 goblins
  5 hobgoblins
  2 quokkas
  3 frilled lizards
  8 kobolds
  A quokka zombie (D:3)
  10 rats
76 creatures vanquished.

Vanquished Creatures (collateral kills)
  2 hobgoblins
  A rat (D:3)
3 creatures vanquished.

Grand Total: 79 creatures vanquished

Notes
Turn   | Place    | Note
-------+----------+-------------------------------------------
     0 | D:1      | ChaosChampion the Octopode Transmuter began the quest for
                  | the Orb.
     0 | D:1      | Reached XP level 1. HP: 13/13 MP: 3/3
   131 | D:1      | Reached XP level 2. HP: 14/18 MP: 3/5
   213 | D:1      | Reached skill level 1 in Stealth
   720 | D:1      | Reached XP level 3. HP: 23/23 MP: 6/6
   754 | D:2      | Learned a level 2 spell: Sticks to Snakes
   758 | D:2      | Learned a level 3 spell: Spider Form
   824 | D:2      | Found a burning altar of Makhleb.
   824 | D:2      | Found a shimmering altar of Xom.
   829 | D:2      | Noticed Natasha
   835 | D:2      | Killed Natasha
   835 | D:2      | Reached XP level 4. HP: 13/28 MP: 4/7
  1001 | D:2      | Noticed Natasha
  1024 | D:2      | Killed Natasha
  1024 | D:2      | Reached XP level 5. HP: 12/34 MP: 0/8
  1037 | D:2      | Noticed Natasha
  1273 | D:2      | Killed Natasha
  2034 | D:3      | Reached XP level 6. HP: 39/39 MP: 6/10
  2419 | D:4      | Reached skill level 4 in Unarmed Combat
  2434 | D:4      | Found a snail-covered altar of Cheibriados.
  2448 | D:4      | Mangled by an orc

Levels and vault maps discovered:
D:1:      dpeg_arrival_rhombi, layout_basic, st_stairs_4
D:2:      layout_basic, chequers_temple_overflow_statue_of_worship, uniq_natasha
D:3:      layout_loops_ring, first_ration, dk_vineyard_3
D:4:      layout_layer_cave, grunt_temple_overflow_open, kennysheep_slug_shrine,
          minmay_temple_entry_tees, serial_shops,
          nicolae_shop_temple_entry_statues_fountains,
          cheibrodos_sewer_entry_drain, uniq_sigmund, uniq_blork_the_orc

Skill      XL: |  1  2  3  4  5  6 |
---------------+-------------------+-----
Stealth        | 1 2 3 |  3.9
Transmutations | 3 |  3.5
Fighting       | 2 |  2.2
Spellcasting   | 3 |  3.1
Unarmed Combat | 4 |  4.0
Dodging        | |  2.8

Action                   |  1- 3 |  4- 6 || total
-------------------------+-------+-------++-------
Melee: Unarmed           |    64 |   135 ||   199
       Constrict         |    12 |    14 ||    26
       Kick              |     3 |       ||     3
       Tentacles         |     3 |     7 ||    10
       Punch             |     1 |     2 ||     3
Throw: Dart              |    24 |     8 ||    32
 Cast: Beastly Appendage |     7 |       ||     7
       Spider Form       |     3 |    19 ||    22
       Sticks to Snakes  |       |     4 ||     4
  Use: Potion            |       |     1 ||     1
 Stab: Sleeping          |     5 |     6 ||    11
       Distracted        |       |     1 ||     1
  Eat: Chunk             |       |     8 ||     8
Armor: Skin              |     9 |     7 ||    16
Dodge: Dodged            |    37 |    94 ||   131

Table legend:
 A = Non-vault XP
 B = Vault XP
 C = Vault XP percentage of total XP
 D = Non-vault monster count
 E = Vault monster count
 F = Vault count percentage of total count
                 A         B        C        D         E       F
            +---------+---------+-------+---------+---------+-------
      Total |     449 |      43 |   8.7 |      75 |       4 |   5.1
            +---------+---------+-------+---------+---------+-------
        D:1 |      30 |       4 |  11.8 |      18 |       2 |  10.0
        D:2 |     144 |      35 |  19.6 |      21 |       1 |   4.5
        D:3 |     171 |       0 |   0.0 |      31 |       0 |   0.0
        D:4 |     104 |       4 |   3.7 |       5 |       1 |  16.7
            +---------+---------+-------+---------+---------+-------
